 Dungeon Crawl Stone Soup version 0.29.1-15-g9cfb28693d (webtiles) character file.

Game seed: 7466926248665048456

65 BlackCrag the Digger (level 3, -1/19 HPs)
             Began as a Deep Elf Earth Elementalist on Mar 26, 2023.
             Slain by an orc priest
             ... wielding a +0 club
              (2 damage)
             ... on level 3 of the Dungeon.
             The game lasted 00:08:27 (1694 turns).

BlackCrag the Digger (Deep Elf Earth Elementalist)  Turns: 1694, Time: 00:08:27

Health: -1/19      AC:  3    Str:  5    XL:     3   Next: 94%
Magic:  5/10       EV: 13    Int: 21    God:
Gold:   51         SH:  0    Dex: 15    Spells: 3/9 levels left

rFire   . . .      SeeInvis .   n - +0 sling
rCold   . . .      Faith    .   (no shield)
rNeg    . . .      Spirit   .   a - +0 robe
rPois   .          Reflect  .   (no helmet)
rElec   .          Harm     .   h - +0 cloak
rCorr   .          Rampage  .   (no gloves)
Will    .....                   (no boots)
Stlth   ++........              (no amulet)
HPRegen 0.06/turn               (no ring)
MPRegen 0.12/turn               (no ring)

@: no status effects
A: no striking features
a: no special abilities


You were on level 3 of the Dungeon.
You visited 1 branch of the dungeon, and saw 3 of its levels.

You collected 91 gold pieces.
You spent 40 gold pieces at shops.

Inventory:

Hand Weapons
 n - a +0 sling (weapon)
Missiles
 k - a throwing net
Armour
 a - a +0 robe (worn)
 h - a +0 cloak (worn)
Magical Staves
 e - a staff of air
Scrolls
 c - a scroll of noise {unknown}
 d - a scroll of fog {unknown}
 f - 2 scrolls of identify {unknown}
 g - a scroll of enchant armour {unknown}
 m - a scroll of amnesia
Potions
 b - a potion of magic
 i - 2 potions of invisibility {unknown}
 j - 3 potions of flight {unknown}
 l - 3 potions of mutation {unknown}


   Skills:
 + Level 2.9 Dodging
 + Level 2.8 Stealth
 + Level 3.9 Spellcasting
 + Level 1.1 Transmutations
 + Level 4.4 Earth Magic


You had 3 spell levels left.
You knew the following spells:

 Your Spells              Type           Power      Damage    Failure   Level
a - Sandblast             Erth           46%        2d11      1%          1
b - Passwall              Tmut/Erth      12%        N/A       6%          2
c - Stone Arrow           Conj/Erth      26%        3d8       14%         3

Your spell library contained the following spells:

 Spells                   Type           Power      Damage    Failure   Level
 Summon Small Mammal      Summ           16%        N/A       12%         1
 Call Canine Familiar     Summ           4%         N/A       36%         3
 Summon Guardian Golem    Hex/Summ       4%         N/A       36%         3
 Petrify                  Tmut/Erth      15%        N/A       36%         4
 Ozocubu's Refrigeration  Ice            2%         4d7       100%        7


Dungeon Overview and Level Annotations

Branches:
Dungeon (3/15)

Altars:

Shops:
D:2 ?


Message History

You kill the orc!
The orc priest shouts!
You hear a shout!
An orc comes into view. It is wielding a +0 short sword.
Casting: Sandblast (safe; 1% risk of failure)
Confirm with . or Enter, or press ? or * to list all spells.
Aiming: Sandblast (safe; 1% risk of failure)
Press: ? - help, Shift-Dir - straight line, f - orc priest
Aim: an orc priest, wielding a +0 club (83% to hit)
The blast of sand misses the orc priest.
The orc shouts!
The orc priest mumbles some strange prayers to Beogh against you.
You barely resist.
The orc moves out of view.
Casting: Sandblast (safe; 1% risk of failure)
Confirm with . or Enter, or press ? or * to list all spells.
Aiming: Sandblast (safe; 1% risk of failure)
Press: ? - help, Shift-Dir - straight line, f/p - orc priest
Aim: an orc priest, wielding a +0 club (83% to hit)
The blast of sand misses the orc priest.
The orc priest invokes the aid of Beogh against you.
Beogh smites you!
An orc comes into view. It is wielding a +0 club.
Casting: Sandblast (safe; 1% risk of failure)
Confirm with . or Enter, or press ? or * to list all spells.
Aiming: Sandblast (safe; 1% risk of failure)
Press: ? - help, Shift-Dir - straight line, f/p - orc priest
Aim: an orc priest, wielding a +0 club (83% to hit)
The blast of sand misses the orc priest.
Casting: Sandblast (safe; 1% risk of failure)
Confirm with . or Enter, or press ? or * to list all spells.
Aiming: Sandblast (safe; 1% risk of failure)
Press: ? - help, Shift-Dir - straight line, f/p - orc priest
Aim: an orc priest, wielding a +0 club (83% to hit)
The blast of sand hits the orc priest!
The orc priest is severely wounded.
The orc priest closely misses you.
The orc priest calls down the wrath of Beogh upon you.
Beogh smites you!
* * * LOW HITPOINT WARNING * * *
The orc priest hits you with a +0 club.
You die...

###
....#+###+##+###
.............$.#
...).>.........+
...o..oo@.....$#
...o#####'##+###
. #.# #.# #.# #.
#.# #. #.# #.
#.# #.##.#


You could see 2 orc priests and 2 orcs.

Vanquished Creatures
  An adder (D:2)
  A worm (D:2)
  A dart slug (D:2)
  An orc (D:3)
  2 ball pythons (D:2)
  7 bats
  5 endoplasms
  2 giant cockroaches (D:1)
  2 goblins (D:1)
  5 hobgoblins
  2 jackals (D:1)
  10 kobolds
  A quokka (D:1)
  2 frilled lizards (D:1)
  4 rats
46 creatures vanquished.

Notes
Turn   | Place    | Note
-------+----------+-------------------------------------------
     0 | D:1      | BlackCrag the Deep Elf Earth Elementalist began the quest
                  | for the Orb.
     0 | D:1      | Reached XP level 1. HP: 10/10 MP: 6/6
    95 | D:1      | Got the Collected Works on Boreal Evolution
   244 | D:1      | Found a faded altar of an unknown god.
   252 | D:1      | Reached XP level 2. HP: 15/15 MP: 6/8
   255 | D:1      | Learned a level 2 spell: Passwall
   738 | D:1      | Reached XP level 3. HP: 19/19 MP: 5/9
   745 | D:1      | Learned a level 3 spell: Stone Arrow
   823 | D:1      | Reached skill level 4 in Earth Magic
  1208 | D:2      | Found Cossad's Magic Scroll Emporium.
  1219 | D:2      | Bought a scroll of amnesia for 40 gold pieces
  1694 | D:3      | Slain by an orc priest

Illustrated notes

Levels and vault maps discovered:
D:1:      lightli_arrival_chessboard, layout_loops_ring,
          shapermc_ecumenical_altar_notcrosses, minmay_tetromino_t4
D:2:      layout_loops_cross, serial_shops, nicolae_lakefront_shop
D:3:      layout_basic, kennysheep_cross_room

Skill      XL: |  1  2  3 |
---------------+----------+-----
Earth Magic    | 4 |  4.4
Dodging        | |  2.9
Stealth        | |  2.8
Spellcasting   | |  3.9
Transmutations | |  1.1

Action                   || total
-------------------------++-------
 Fire: Sling             ||     2
 Cast: Sandblast         ||    65
       Stone Arrow       ||     1
Armor: Robe              ||     2
Dodge: Dodged            ||    12
